Map: Zen LE

Players

Denver

  • Race: Zerg Zerg
  • League: Master
  • Spawn Location: 1:00

Special - Winner!

  • Race: Terran Terran
  • League: Master
  • Spawn Location: 7:00

VOD

Have the link to the VOD?

Description

Time

  • Played on: Jan. 14, 2020, 3:42 p.m.
  • Length: 13:48
Show
View Real Time Build Order
Export as new Build Order

Denver Zerg 

Build Orders: Hatch First, Swarm Host 

Get SALT Encoding   

  12  0:00  Drone  
  13  0:12  Overlord  
  13  0:16  Drone  
  14  0:30  Drone x2  
  16  0:48  Hatchery  
  15  0:52  Drone  
  15  0:55  Drone  
  17  0:58  Drone  
  18  1:10  Extractor  
  17  1:15  Spawning Pool  
  17  1:17  Drone  
  17  1:21  Drone  
  18  1:28  Drone  
  19  1:39  Drone  
  20  1:50  Overlord  
  20  2:01  Queen x2  
  20  2:02  Zergling x4  
  26  2:10  Metabolic Boost  
  26  2:11  Drone  
  26  2:13  Drone  
  28  2:21  Zergling x2  
  29  2:33  Zergling x2  
  29  2:34  Drone  
  30  2:41  Hatchery  
  30  2:44  Zergling x2  
  30  2:45  Drone  
  30  2:50  Drone  
  32  2:56  Zergling x4  
  32  3:05  Zergling x4  
  34  3:14  Overlord  
  34  3:16  Zergling x2  
  34  3:17  Overlord  
  35  3:29  Overlord  
  35  3:32  Overlord  
  35  3:35  Queen  
  35  3:36  Drone x2  
  39  3:45  Drone  
  39  3:46  Drone x3  
  43  3:50  Drone  
  43  3:53  Drone x2  
  43  3:55  Queen  
  48  3:59  Drone  
  48  4:05  Drone x2  
  50  4:10  Drone  
  51  4:18  Roach Warren  
  51  4:19  Drone x3  
  51  4:22  Drone  
  56  4:26  Extractor x2  
  54  4:33  Overlord  
  54  4:37  Drone x2  
  54  4:41  Overlord  
  54  4:58  Roach x10  
  54  4:59  Overlord  
  74  5:04  Zergling x4  
  74  5:05  Overlord  
  76  5:11  Zergling x10  
  81  5:20  Spore Crawler  
  79  5:29  Zergling x2  
  79  5:30  Zergling x8  
  77  5:36  Lair  
  68  5:43  Roach x5  
  70  5:58  Ravager x3  
  70  6:01  Zergling x12  
  70  6:03  Drone  
  71  6:06  Queen  
  71  6:09  Drone x6  
  71  6:15  Drone  
  71  6:16  Drone  
  70  6:20  Drone  
  70  6:21  Drone x4  
  66  6:34  Drone x4  
  66  6:35  Queen  
  69  6:43  Spire  
  69  6:44  Overseer  
  69  6:45  Spore Crawler  
  67  6:48  Drone x2  
  70  6:54  Drone  
  70  6:55  Spire, Drone x2  
  70  6:56  Spore Crawler  
  70  6:58  Glial Reconstitution  
  70  7:01  Drone x2  
  73  7:02  Drone  
  74  7:12  Roach x3  
  74  7:13  Roach, Overlord  
  80  7:17  Drone x4  
  80  7:21  Roach  
  86  7:23  Overseer, Drone x2  
  86  7:25  Drone x2  
  86  7:28  Extractor  
  89  7:30  Evolution Chamber  
  89  7:32  Evolution Chamber  
  77  7:47  Drone x5  
  78  7:56  Overlord  
  78  7:57  Drone x4  
  78  7:58  Zerg Ground Armor Level 1, Zerg Missile Weapons Level 1  
  82  8:02  Hatchery  
  81  8:09  Corruptor x2  
  81  8:11  Corruptor  
  81  8:12  Corruptor  
  89  8:16  Zergling x2  
  90  8:23  Extractor x2  
  90  8:24  Drone x2  
  90  8:25  Drone  
  91  8:29  Hatchery  
  91  8:32  Overlord  
  90  8:36  Roach x4  
  90  8:37  Overlord  
  98  8:42  Overlord  
  98  8:43  Drone x2  
  100  8:51  Drone  
  100  8:52  Drone x2  
  100  8:53  Overseer  
  100  8:54  Infestation Pit  
  102  8:56  Pneumatized Carapace  
  102  8:57  Roach  
  102  8:58  Roach x2  
  102  9:00  Overlord  
  108  9:05  Overlord  
  108  9:06  Overseer  
  110  9:10  Drone x2  
  110  9:13  Spore Crawler  
  110  9:15  Roach  
  110  9:16  Roach x2  
  116  9:22  Hatchery  
  115  9:27  Roach x6  
  115  9:30  Overseer  
  127  9:31  Drone  
  127  9:36  Swarm Host x3  
  137  9:39  Overlord  
  137  9:45  Overlord  
  137  9:46  Swarm Host x2  
  143  9:53  Overlord  
  143  9:56  Zerg Missile Weapons Level 2  
  143  9:59  Zerg Ground Armor Level 2  
  143  10:03  Swarm Host  
  143  10:06  Overlord  
  145  10:10  Roach x3  
  151  10:18  Roach x4  
  159  10:22  Overlord  
  159  10:26  Overlord  
  159  10:28  Zergling x10  
  164  10:32  Overlord  
  164  10:38  Zergling x12  
  168  10:47  Nydus Network  
  167  10:51  Zergling x10  
  167  10:52  Zergling x6  
  175  10:58  Roach  
  175  10:59  Roach x3  
  175  11:01  Ravager x4  
  175  11:03  Overlord  
  159  11:27  Roach x5  
  159  11:28  Roach x9  
  158  11:36  Swarm Host  
  158  11:37  Swarm Host  
  158  11:40  Queen  
  158  11:42  Swarm Host x3  
  158  11:43  Swarm Host  
  158  11:46  Ravager  
  173  11:53  Roach  
  173  11:54  Roach x4  
  171  11:58  Roach x3  
  173  12:06  Roach x4  
  180  12:15  Roach x4  
  165  12:20  Swarm Host  
  159  12:27  Roach x5  
  158  12:36  Roach x4  
  156  12:44  Swarm Host x3  
  156  12:47  Ravager  
  164  12:54  Roach x4  
  168  13:03  Roach x3  
  114  13:13  Roach x4  
  118  13:20  Roach  
  118  13:21  Roach x2  
Show
View Real Time Build Order
Export as new Build Order

Special Terran - Winner!

Build Orders:  

Get SALT Encoding   

  12  0:01  SCV  
  13  0:13  SCV  
  14  0:18  Supply Depot  
  14  0:25  SCV  
  15  0:39  SCV  
  15  0:40  Barracks  
  16  0:44  Refinery  
  16  0:51  SCV  
  17  1:00  Barracks  
  17  1:03  SCV  
  18  1:15  SCV  
  19  1:28  Orbital Command, Reaper  
  20  1:47  Supply Depot  
  20  1:48  Reaper  
  21  1:54  SCV  
  22  2:03  Reaper  
  23  2:09  SCV  
  23  2:12  Command Center  
  24  2:16  Refinery  
  24  2:21  SCV  
  24  2:22  Marine  
  26  2:33  SCV  
  26  2:35  Marine  
  28  2:44  Factory  
  28  2:48  SCV  
  29  2:52  Supply Depot  
  29  2:55  Marine  
  30  3:05  SCV  
  30  3:14  Command Center  
  30  3:19  SCV  
  31  3:25  Orbital Command  
  31  3:30  Factory Reactor  
  31  3:31  SCV  
  32  3:38  Starport  
  32  3:43  Marine  
  32  3:44  Marine  
  32  3:46  SCV  
  31  3:52  SCV  
  32  3:58  SCV  
  33  4:04  Marine x2, SCV  
  33  4:08  Hellion  
  38  4:10  SCV, Hellion  
  38  4:15  Medivac  
  38  4:16  SCV  
  44  4:19  Supply Depot  
  44  4:23  SCV  
  45  4:27  Orbital Command  
  45  4:28  SCV  
  46  4:33  Armory  
  46  4:36  Hellion  
  46  4:38  Hellion  
  50  4:40  Marine  
  50  4:41  Marine  
  50  4:44  SCV x2  
  54  4:47  Starport Tech Lab  
  54  4:51  Supply Depot  
  54  4:52  SCV  
  55  4:56  SCV  
  55  4:57  SCV, Hellion  
  55  4:59  Hellion  
  61  5:06  Cloaking Field  
  61  5:10  Banshee  
  61  5:13  SCV x2  
  66  5:14  Supply Depot  
  66  5:20  Refinery  
  66  5:21  Hellion x2, Orbital Command  
  70  5:23  Refinery, Terran Vehicle Weapons Level 1  
  70  5:29  SCV  
  70  5:30  SCV  
  69  5:41  SCV  
  69  5:42  Hellion x2  
  70  5:43  SCV  
  70  5:47  SCV  
  67  5:58  Banshee  
  67  6:03  Hellion  
  67  6:04  SCV x2, Hellion  
  72  6:09  Factory  
  72  6:11  SCV  
  62  6:21  SCV x2  
  62  6:23  SCV  
  62  6:25  Hellion  
  67  6:26  Hellion  
  67  6:27  Factory  
  67  6:31  Hyperflight Rotors  
  69  6:33  SCV x2  
  69  6:35  SCV  
  69  6:43  Banshee  
  69  6:45  SCV x2  
  69  6:46  Hellion  
  76  6:47  Hellion  
  76  6:50  SCV  
  76  6:51  Supply Depot  
  79  6:54  Factory Tech Lab  
  79  6:57  SCV x2  
  81  7:01  Refinery  
  81  7:02  SCV  
  81  7:03  Refinery  
  81  7:07  Hellion  
  84  7:09  SCV x2, Hellion  
  84  7:14  SCV, Supply Depot  
  89  7:16  Factory Tech Lab  
  89  7:18  Cyclone  
  89  7:20  Terran Vehicle Weapons Level 2  
  89  7:21  SCV  
  89  7:22  SCV  
  94  7:26  SCV  
  95  7:33  SCV, Factory  
  95  7:34  SCV  
  95  7:35  Factory  
  98  7:40  SCV  
  90  7:45  SCV  
  90  7:46  SCV  
  90  7:50  Cyclone, Hellion x2, Mag-Field Accelerator  
  91  7:52  SCV  
  91  7:53  Cyclone  
  91  7:58  SCV x2, Banshee  
  97  8:04  Supply Depot  
  100  8:08  Engineering Bay  
  100  8:12  Armory  
  100  8:14  Hellion x2  
  104  8:20  Factory Tech Lab  
  104  8:22  Cyclone  
  104  8:23  Factory Reactor  
  104  8:25  Cyclone  
  110  8:33  Command Center  
  110  8:37  Missile Turret x2  
  110  8:38  Missile Turret, Hellion x2  
  114  8:41  SCV x3  
  114  8:43  Missile Turret  
  114  8:44  Supply Depot  
  114  8:46  Supply Depot  
  117  8:53  Supply Depot  
  117  9:02  Terran Vehicle And Ship Armor Level 1  
  117  9:03  Supply Depot  
  117  9:06  SCV x3, Supply Depot, Cyclone  
  117  9:07  Cyclone  
  117  9:09  Supply Depot  
  126  9:11  Hellion x2  
  126  9:12  Hellion  
  126  9:14  Siege Tank  
  126  9:15  Hellion  
  137  9:19  Supply Depot  
  137  9:20  Supply Depot  
  137  9:21  Supply Depot  
  137  9:24  Infernal Pre-Igniter  
  137  9:28  Factory  
  137  9:29  Factory  
  137  9:33  Sensor Tower  
  137  9:36  Hellion  
  137  9:37  Hellion x2  
  137  9:38  Siege Tank  
  146  9:40  Supply Depot  
  146  9:42  Siege Tank  
  149  9:46  Siege Tank  
  158  10:00  Hellion x4  
  160  10:10  Siege Tank  
  160  10:12  Siege Tank  
  169  10:14  Siege Tank  
  169  10:18  Siege Tank  
  169  10:19  Refinery x2  
  172  10:28  Missile Turret  
  169  10:30  Planetary Fortress  
  169  10:33  Hellion x4, Factory Tech Lab  
  177  10:41  Terran Vehicle Weapons Level 3  
  177  10:42  Siege Tank  
  180  10:44  Siege Tank  
  180  10:50  Siege Tank  
  180  10:54  Siege Tank  
  183  11:02  Terran Vehicle And Ship Armor Level 2  
  183  11:05  Command Center  
  183  11:15  Hellion x2  
  183  11:16  Hellion, Siege Tank  
  192  11:18  Siege Tank  
  192  11:22  Hellion  
  192  11:24  Hellion  
  196  11:28  Hellion  
  196  11:30  Siege Tank  
  183  11:37  Hellion x3  
  183  11:44  Hellion  
  183  11:46  Hellion  
  187  11:49  Siege Tank  
  176  11:56  Factory Tech Lab  
  176  11:59  Hellion x2  
  178  12:05  Hellion x2  
  178  12:06  Siege Tank  
  185  12:12  Hellion  
  164  12:18  Hellion  
  164  12:19  Hellion  
  168  12:25  Cyclone  
  168  12:26  Hellion x2  
  175  12:34  Hellion, Siege Tank  
  181  12:44  Hellion  
  181  12:45  Cyclone x2  
  181  12:48  Factory Tech Lab  
  183  12:54  Hellion x2  
  183  12:58  Cyclone  
  190  13:01  Hellion  
  162  13:06  Cyclone  
  162  13:07  Hellion  
  162  13:09  Hellion  
  156  13:13  Starport Tech Lab  
  156  13:15  Starport  
  156  13:17  Starport  
  153  13:22  Hellion x2  
Tags
 
Add a new tag
Caveats
  • Supply blocks, unpowered buildings, or Contaminate may cause inaccurate times.
  • Supply counts are checked every 10 seconds.